 Dungeon Crawl Stone Soup version 0.29-a0-824-gd827844252 (webtiles) character file.

Game seed: 13773003200648453028

112292 jimonade the Warrior (level 17, -2/145 HPs)
             Began as a Formicid Fighter on July 10, 2022.
             Was a High Priest of Okawaru.
             Killed from afar by a deep elf sorcerer (40 damage)
             ... with damnation
             ... on level 3 of the Elven Halls.
             The game lasted 02:05:05 (32121 turns).

jimonade the Warrior (Formicid Fighter)            Turns: 32121, Time: 02:05:05

Health: -2/145     AC: 35    Str: 23    XL:     17   Next: 15%
Magic:  28/30      EV: 10    Int: 11    God:    Okawaru [*****.]
Gold:   2120       SH: 15    Dex: 13    Spells: 40/40 levels left

rFire   + . .      SeeInvis +   a - +9 lajatang (elec)
rCold   + . .      Faith    .   x - +0 kite shield
rNeg    . . .      Spirit   .   A - +8 plate armour "Yjoamam" {rElec Will+ Int-3}
rPois   +          Reflect  .   (helmet unavailable)
rElec   +          Harm     .   l - +2 cloak {rC+}
rCorr   .          Rampage  .   M - +0 pair of gloves
Will    ++...                   t - +2 pair of boots {Stlth+}
Stlth   ..........              X - amulet of regeneration
HPRegen 1.14/turn               C - ring of poison resistance
MPRegen 0.22/turn               r - ring of protection from fire

@: heroic
A: permanent stasis, dig shafts and tunnels, antennae 3, four strong arms, low
MP 1
a: Dig, Shaft Self, Renounce Religion, Heroism, Finesse, Duel


You were on level 3 of the Elven Halls.
You worshipped Okawaru.
Okawaru was extremely pleased with you.
You visited 5 branches of the dungeon, and saw 23 of its levels.
You visited the Abyss 1 time.
You also visited: Ice Cave.

You collected 2240 gold pieces.
You spent 120 gold pieces at shops.

Inventory:

Hand Weapons
 a - a +9 lajatang of electrocution (weapon)
 b - a +0 arbalest
 w - a +3 spectral lajatang
Missiles
 s - 5 silver javelins (quivered)
 K - a throwing net
Armour
 h - a +0 troll leather armour
 l - a +2 cloak of cold resistance (worn)
 o - a +2 leather armour of resistance
 t - a +2 pair of boots of stealth (worn)
 x - a +0 kite shield (worn)
 A - the +8 plate armour "Yjoamam" (worn) {rElec Will+ Int-3}
   (Okawaru gifted it to you in an ice cave)

   Int:       It affects your intelligence (-3).
   rElec:     It insulates you from electricity.
   Will:      It increases your willpower.
 H - a +2 ring mail of poison resistance
 M - a +0 pair of gloves (worn)
Jewellery
 c - a ring of positive energy
 e - a ring of flight
 f - the ring of Boh Doah {rC+ Will+ Dex+2}
   (You found it in an ice cave)

   [ring of willpower]

   Dex:       It affects your dexterity (+2).
   rC:        It protects you from cold.
   Will:      It increases your willpower.
 g - a +4 ring of protection
 k - a ring of willpower
 r - a ring of protection from fire (right hand)
 y - a ring of positive energy
 C - a ring of poison resistance (left hand)
 F - a +4 ring of protection
 I - a ring of protection from cold
 N - an amulet of guardian spirit
 O - a ring of wizardry
 X - an amulet of regeneration (around neck)
 Y - a +6 ring of strength
 Z - a ring of magical power
Wands
 j - a wand of polymorph (12)
 P - a wand of flame (75)
 Q - a wand of roots (37)
 R - a wand of quicksilver (19)
 T - a wand of digging (7)
Scrolls
 p - 4 scrolls of immolation
 q - 3 scrolls of enchant weapon
 u - a scroll of fear
 B - 6 scrolls of identify
 D - 4 scrolls of fog
 G - a scroll of amnesia
 S - a scroll of poison
 U - 2 scrolls of enchant armour
 V - a scroll of magic mapping
Potions
 d - 3 potions of might
 i - 4 potions of lignification
 m - 2 potions of cancellation
 n - 12 potions of curing
 v - 2 potions of invisibility
 E - 3 potions of magic
 J - 2 potions of heal wounds
 L - 2 potions of brilliance
 W - 4 potions of flight
Miscellaneous
 z - a lightning rod (4/4)


   Skills:
 * Level 16.5(21.5) Fighting
 - Level 14.0(19.0) Staves
 + Level 2.9(7.9) Ranged Weapons
 + Level 0.4(5.4) Throwing
 + Level 12.5(17.5) Armour
 + Level 2.9(7.9) Dodging
 * Level 14.9(19.9) Shields
 + Level 0.9(5.9) Unarmed Combat
 * Level 12.4 Spellcasting
 * Level 9.0 Invocations


You had 40 spell levels left.
You didn't know any spells.
Your spell library contained the following spells:

 Spells                   Type           Power      Damage    Failure   Level
 Magic Dart               Conj           24%        1d4       67%         1
 Shock                    Conj/Air       24%        1d4       67%         1
 Ensorcelled Hibernation  Hex/Ice        12%        N/A       80%         2
 Sublimation of Blood     Necr           6%         N/A       80%         2
 Wereblood                Tmut           6%         N/A       80%         2
 Dazzling Flash           Conj/Hex       12%        N/A       95%         3
 Ignite Poison            Fire/Tmut/Pois 6%         N/A       95%         3
 Mephitic Cloud           Conj/Pois/Air  6%         N/A       95%         3
 Spider Form              Tmut/Pois      6%         N/A       95%         3
 Airstrike                Air            3%         0-2+      100%        4
 Anguish                  Hex/Necr       3%         N/A       100%        4
 Leda's Liquefaction      Hex/Erth       3%         N/A       100%        4
 Passage of Golubria      Tloc           6%         N/A       100%        4
 Agony                    Necr           6%         N/A       100%        5
 Alistair's Intoxication  Tmut/Pois      4%         N/A       100%        5
 Borgnjor's Vile Clutch   Necr/Erth      3%         N/A       100%        5
 Freezing Cloud           Conj/Ice/Air   3%         6-21      100%        5
 Lee's Rapid Deconstruct  Erth           3%         3d6*      100%        5
 Manifold Assault         Tloc           6%         N/A       100%        5
 Silence                  Hex/Air        3%         N/A       100%        5
 Yara's Violent Unravell  Hex/Tmut       3%         3d4       100%        5
 Dispersal                Tloc           3%         N/A       100%        6
 Eringya's Noxious Bog    Tmut/Pois      3%         N/A       100%        6
 Iron Shot                Conj/Erth      3%         9d2       100%        6
 Statue Form              Tmut/Erth      4%         N/A       100%        6
 Storm Form               Tmut/Air       3%         N/A       100%        7
 Disjunction              Tloc           3%         N/A       100%        8
 Summon Small Mammal      Summ           Unusable   N/A       N/A         1
 Blink                    Tloc           Unusable   N/A       N/A         2
 Call Imp                 Summ           Unusable   N/A       N/A         2
 Call Canine Familiar     Summ           Unusable   N/A       N/A         3
 Summon Guardian Golem    Hex/Summ       Unusable   N/A       N/A         3
 Swiftness                Air            Unusable   N/A       N/A         3
 Tukima's Dance           Hex            Unusable   N/A       N/A         3
 Summon Hydra             Summ           Unusable   N/A       N/A         7

Dungeon Overview and Level Annotations

Branches:
Dungeon (11/15)            Temple (1/1) D:5            Lair (6/6) D:11
  Swamp (0/4) Lair:2        Snake (0/4) Lair:4        Slime (0/5) Lair:5
    Orc (2/2) D:10            Elf (3/3) Orc:2         IceCv (visited)

Altars:
Ashenzari
Cheibriados
Dithmenos
Elyvilon
Fedhas
Gozag
Hepliaklqana
Kikubaaqudgha
Makhleb
Nemelex Xobeh
Okawaru
Qazlal
Ru
Sif Muna
Trog
Uskayaw
Vehumet
Wu Jian
Xom
Yredelemnul
Zin
The Shining One
Jiyva

Shops:
D:1 !   D:3 [   D:4 *   D:5 :   Orc:2 *?(*   Elf:2 ?   Elf:3 ?

Portals:
Hell: Lair:6

Annotations:
D:8 1 runed translucent door
D:10 3 runed translucent doors, zhov's ghost, journeyman DsHu


Innate Abilities, Weirdness & Mutations

You cannot be hasted, slowed, berserked, paralysed or teleported.
You can dig through walls and to a lower floor.
You have a pair of large antennae on your head. (SInv)
Your four strong arms can wield two-handed weapons with a shield.
Your magical capacity is low. (-10% MP)


Message History

The deep elf annihilator gestures wildly while chanting.
The deep elf annihilator blinks!
You block the deep elf high priest's attack.
Items here: )) [ ††.
You barely miss the deep elf high priest.
You chop the deep elf high priest into pieces!!!
The deep elf high priest is severely wounded.
You hear a shout!
The deep elf high priest utters a dark prayer and points at you.
Your life force is offered up.
The deep elf high priest is healed.
The deep elf annihilator mumbles some strange words.
The deep elf annihilator blinks!
You hit the deep elf high priest.
The deep elf high priest is severely wounded.
The deep elf annihilator mumbles some strange words.
The deep elf annihilator blinks!
The deep elf high priest closely misses you.
You slice the deep elf high priest!!
You kill the deep elf high priest!
Okawaru accepts your kill.
The deep elf sorcerer gestures wildly while chanting.
The deep elf sorcerer seems to speed up.
The deep elf annihilator gestures wildly while chanting.
The deep elf annihilator blinks!
The deep elf sorcerer casts a spell.
The deep elf sorcerer seems to speed up.
The deep elf sorcerer shouts, "You can't withstand my power!"
The deep elf sorcerer points at you and mumbles some strange words.
You resist with almost no effort.
The deep elf sorcerer points at you and mumbles some strange words.
The sphere of damnation explodes!
The damnation engulfs you!!
* * * LOW HITPOINT WARNING * * *
You hear a shout! x2
The deep elf sorcerer mumbles some strange words.
The deep elf sorcerer seems to speed up.
The deep elf annihilator mumbles some strange words.
The deep elf annihilator blinks!
The deep elf sorcerer points at you and mumbles some strange words.
The sphere of damnation explodes!
The damnation engulfs you!!!
You die...

#####+#### #.........
#......### #.e....#∩+
#......####
############)........#
....<......'.........#
############....@....#
#.........#
#.........#
#####.##### #.# #.#
#e# #e# #e.


You could see a deep elf annihilator (empowered) and 2 deep elf sorcerers.

Vanquished Creatures
  A bone dragon (Elf:3)
  A tentacled starspawn (Abyss:2)
  3 deep elf sorcerers
  An orc warlord (Orc:2)
  A deep elf annihilator (Elf:1)
  Snorg (Lair:5)
  2 great orbs of eyes (Abyss:2)
  2 deep elf high priests
  Fannar (Lair:3)
  9 hydras
  An ice dragon (IceCv)
  3 catoblepae
  26 dancing weapons
  5 two-headed ogres
  4 death yaks (Lair:6)
  5 orc high priests (Orc:2)
  The ghost of buhh the Fighter, a novice OpTm (D:9)
  A thrashing horror (Abyss:2)
  7 deep elf knights
  2 wretched stars (Abyss:2)
  A sixfirhy (Lair:6)
  2 bog bodies (Lair:2)
  6 deep elf archers
  3 large abominations (Abyss:2)
  3 orc knights (Orc:2)
  A wizard (Lair:6)
  17 deep elf zephyrmancers
  A harpy (shapeshifter) (Elf:1)
  6 orc sorcerers (Orc:2)
  17 deep elf pyromancers
  An ugly thing (D:11)
  2 cyclopes (D:11)
  7 elephants
  Joseph (D:10)
  2 ice statues (IceCv)
  A black mamba (Lair:5)
  A guardian serpent (Abyss:2)
  An unseen horror (D:11)
  4 orange demons
  Maggie (D:8)
  2 gargoyles (D:11)
  14 cane toads
  Psyche (D:8)
  A demonic crawler (Abyss:2)
  7 rime drakes
  An ancient zyme (Abyss:2)
  10 komodo dragons
  An ice devil (Lair:6)
  A hellwing (Lair:6)
  6 trolls
  A red devil (Lair:6)
  A polar bear (Lair:6)
  A hornet (D:11)
  5 dream sheep (Lair:4)
  4 blink frogs (Lair:4)
  2 small abominations (Abyss:2)
  Sigmund (D:2)
  3 water elementals
  3 ynoxinuls
  A vampire (D:10)
  A shapeshifter (D:8)
  19 yaks
  2 basilisks
  2 wraiths (D:11)
  Grum (D:10)
  2 shadows
  2 fire elementals
  2 wyverns
  2 neqoxecs (Abyss:2)
  A chaos spawn (Abyss:2)
  2 steam dragons
  A vampire mosquito (D:11)
  A naga (Lair:4)
  4 wargs (Orc:2)
  13 water moccasins
  Duvessa (D:6)
  4 hell hounds (Lair:6)
  3 black bears
  44 orc warriors
  A sky beast (D:7)
  10 ogres
  5 ice beasts
  10 wolves
  5 centaurs
  4 phantoms
  2 kobold brigands
  3 earth elementals
  7 bullfrogs
  A gnoll sergeant (D:9)
  2 necrophages
  7 scorpions
  A water moccasin zombie (Abyss:2)
  A wyvern zombie (D:6)
  Dowan (D:6)
  4 lindwurm simulacra (IceCv)
  A vampire bat (D:11)
  3 howler monkeys
  3 electric eels
  2 bullfrog zombies (D:6)
  2 jellies
  2 centaur zombies
  7 hounds
  6 komodo dragon simulacra (IceCv)
  33 orc priests
  Crazy Yiuf (D:2)
  7 iguanas
  18 orc wizards
  A hell rat (Lair:6)
  A howler monkey zombie (D:6)
  11 gnolls
  3 acid dragon simulacra (IceCv)
  5 adders
  5 shadow imps
  3 white imps
  3 ufetubi
  8 steam dragon simulacra (IceCv)
  2 worms
  4 dart slugs
  144 orcs
  9 ball pythons
  11 endoplasms
  6 giant cockroaches
  9 goblins
  4 hobgoblins
  10 jackals
  20 kobolds
  5 quokkas
  7 bats
  3 frilled lizards
  5 rats
  A bush (D:9)
757 creatures vanquished.

Vanquished Creatures (others)
  A deep elf knight (Elf:2)
  A yak (D:11)
  2 centaurs (D:11)
  An orc wizard (D:11)
  38 fungi
  A lurking horror (Abyss:2)
  39 plants
  6 starspawn tentacles (Abyss:2)
89 creatures vanquished.

Grand Total: 846 creatures vanquished

Notes
Turn   | Place    | Note
-------+----------+-------------------------------------------
     0 | D:1      | jimonade the Formicid Fighter began the quest for the Orb.
     0 | D:1      | Reached XP level 1. HP: 18/18 MP: 1/1
   159 | D:1      | Found Qanuloz's Distillery.
   181 | D:1      | Reached XP level 2. HP: 22/24 MP: 2/2
   388 | D:1      | Reached XP level 3. HP: 27/30 MP: 4/4
   583 | D:1      | Reached skill level 1 in Spellcasting
   941 | D:1      | Reached skill level 4 in Fighting
  1034 | D:1      | Found a faded altar of an unknown god.
  1280 | D:2      | Reached XP level 4. HP: 36/37 MP: 6/6
  1281 | D:2      | Identified the +0 cloak of the Snake Pit {Int+6}
  1355 | D:2      | Noticed Sigmund
  1388 | D:2      | Killed Sigmund
  1389 | D:2      | Reached XP level 5. HP: 41/43 MP: 6/8
  1389 | D:2      | Reached XP level 6. HP: 47/49 MP: 6/9
  1681 | D:2      | Found a runed translucent door.
  1682 | D:2      | Noticed Crazy Yiuf
  1690 | D:2      | Killed Crazy Yiuf
  1949 | D:3      | Noticed a water moccasin
  2295 | D:3      | Killed a water moccasin
  2296 | D:3      | Reached XP level 7. HP: 25/55 MP: 9/11
  2602 | D:3      | Reached skill level 5 in Fighting
  2726 | D:3      | Found Kuptem's Armour Shop.
  3020 | D:4      | Reached skill level 5 in Shields
  3033 | D:4      | HP: 2/56 [poisoned by a scorpion]
  3034 | D:4      | Reached skill level 5 in Staves
  3512 | D:4      | Reached XP level 8. HP: 45/62 MP: 12/12
  3663 | D:4      | Reached skill level 1 in Dodging
  3782 | D:4      | Found Ratory's General Store.
  3810 | D:4      | Reached skill level 5 in Armour
  4126 | D:5      | Entered Level 5 of the Dungeon
  4262 | D:5      | Found Enugho Mumu's Book Shoppe.
  4430 | D:5      | Reached skill level 6 in Fighting
  4678 | D:5      | Found a sparkling altar of Nemelex Xobeh.
  4792 | D:5      | Reached XP level 9. HP: 59/69 MP: 15/15
  4968 | D:5      | Found a staircase to the Ecumenical Temple.
  5438 | Temple   | Entered the Ecumenical Temple
  5509 | Temple   | Became a worshipper of Warmaster Okawaru
  5625 | D:6      | Found a glowing silver altar of Zin.
  5704 | D:6      | Reached * piety under Okawaru
  5850 | D:6      | Noticed Duvessa
  5851 | D:6      | Noticed Dowan
  5864 | D:6      | Killed Duvessa
  5865 | D:6      | Reached skill level 7 in Fighting
  5878 | D:6      | Killed Dowan
  6024 | D:6      | Reached skill level 5 in Spellcasting
  6119 | D:6      | Reached XP level 10. HP: 64/79 MP: 17/17
  6200 | D:6      | Noticed a komodo dragon
  6217 | D:6      | Killed a komodo dragon
  6217 | D:6      | Reached ** piety under Okawaru
  6236 | D:6      | Noticed an eight-headed hydra
  6618 | D:6      | Found a basalt altar of Yredelemnul.
  6661 | D:6      | Reached skill level 8 in Fighting
  6895 | D:6      | Found a broken altar of Ashenzari.
  7425 | D:7      | Found a faded altar of an unknown god.
  7425 | D:7      | Found a blossoming altar of Fedhas.
  7433 | D:7      | Found an ornate altar of the Wu Jian Council.
  7435 | D:7      | Found a bloodstained altar of Trog.
  7437 | D:7      | Found a stormy altar of Qazlal.
  7979 | D:8      | Noticed a two-headed ogre
  7988 | D:8      | Killed a two-headed ogre
  7988 | D:8      | Reached *** piety under Okawaru
  8028 | D:8      | Noticed Maggie
  8041 | D:8      | Killed Maggie
  8406 | D:8      | Reached XP level 11. HP: 79/87 MP: 20/20
  8627 | D:8      | Noticed Psyche
  8656 | D:8      | Killed Psyche
  8657 | D:8      | Reached skill level 9 in Fighting
  9184 | D:8      | Noticed a two-headed ogre
  9195 | D:8      | Killed a two-headed ogre
  9195 | D:8      | Reached **** piety under Okawaru
  9196 | D:8      | Reached skill level 10 in Staves
  9514 | D:8      | Noticed a tengu warrior
  9514 | D:8      | Noticed a centaur warrior
  9515 | D:8      | Found a runed translucent door.
  9517 | D:8      | Noticed a cyclops
  9517 | D:8      | Noticed a cyclops
  9517 | D:8      | Noticed a tengu warrior
  9517 | D:8      | Noticed a skeletal warrior
  9815 | D:9      | Noticed buhh's ghost (novice OpTm)
 10185 | D:9      | Found a runed translucent door.
 10243 | D:9      | Noticed a two-headed ogre
 10248 | D:9      | Killed a two-headed ogre
 11171 | D:9      | Killed buhh's ghost
 11171 | D:9      | Reached ***** piety under Okawaru
 11172 | D:9      | Reached skill level 10 in Fighting
 11182 | D:9      | Got the Vellum of Geology
 11483 | D:10     | Entered Level 10 of the Dungeon
 11546 | D:10     | Noticed Joseph
 11559 | D:10     | Killed Joseph
 11897 | D:10     | Found a runed translucent gate.
 11897 | D:10     | Found a runed translucent gate.
 11897 | D:10     | Found a runed translucent gate.
 11914 | D:10     | Noticed zhov's ghost (journeyman DsHu)
 12001 | D:10     | Received a gift from Okawaru
 12014 | D:10     | Noticed Grum
 12022 | D:10     | Killed Grum
 12045 | D:10     | Reached XP level 12. HP: 69/98 MP: 23/23
 12445 | D:10     | Found a staircase to the Orcish Mines.
 13026 | D:11     | Noticed a five-headed hydra
 13545 | D:11     | Found a shimmering altar of Xom.
 13730 | D:11     | Reached skill level 1 in Ranged Weapons
 13885 | D:11     | Reached skill level 11 in Fighting
 13985 | D:11     | Received a gift from Okawaru
 14156 | D:11     | Killed a five-headed hydra
 14210 | D:11     | Found a staircase to the Lair.
 14293 | D:11     | Identified the +0 helmet of Meuwus {Stlth+}
 14500 | D:11     | Reached skill level 1 in Invocations
 14839 | D:6      | Killed an eight-headed hydra
 14839 | D:6      | Received a gift from Okawaru
 15230 | Lair:1   | Entered Level 1 of the Lair of Beasts
 16197 | Lair:2   | Reached XP level 13. HP: 94/106 MP: 21/25
 16335 | Lair:2   | Received a gift from Okawaru
 16466 | Lair:2   | Found a staircase to the Swamp.
 16789 | Lair:2   | Reached skill level 10 in Armour
 17165 | Lair:3   | Noticed a catoblepas
 17173 | Lair:3   | Killed a catoblepas
 17342 | Lair:3   | Noticed Fannar
 17356 | Lair:3   | Killed Fannar
 18198 | Lair:4   | Found a staircase to the Snake Pit.
 18442 | Lair:4   | Reached skill level 12 in Fighting
 18504 | Lair:4   | Received a gift from Okawaru
 18892 | Lair:4   | Noticed a seven-headed hydra
 18905 | Lair:4   | Killed a 15-headed hydra
 18963 | Lair:4   | Reached skill level 10 in Spellcasting
 19187 | Lair:5   | Noticed Snorg
 19202 | Lair:5   | Killed Snorg
 19850 | Lair:5   | Noticed a seven-headed hydra
 19856 | Lair:5   | Noticed a catoblepas
 19862 | Lair:5   | Killed a 14-headed hydra
 19867 | Lair:5   | Killed a catoblepas
 19868 | Lair:5   | Reached XP level 14. HP: 61/116 MP: 10/28
 20078 | Lair:5   | Found a viscous altar of Jiyva.
 20079 | Lair:5   | Found a staircase to the Slime Pits.
 20373 | Lair:6   | Entered Level 6 of the Lair of Beasts
 20401 | Lair:6   | Found a frozen archway.
 20410 | IceCv    | Entered an ice cave
 20819 | IceCv    | Identified the +8 plate armour "Yjoamam" {rElec Will+
                  | Int-3} (Okawaru gifted it to you in an ice cave)
 20819 | IceCv    | Received a gift from Okawaru
 20956 | IceCv    | Identified the ring of Boh Doah {rC+ Will+ Dex+2}
 21212 | Lair:6   | Reached skill level 5 in Invocations
 21388 | Lair:6   | Reached skill level 13 in Fighting
 21939 | Lair:6   | Found a burning altar of Makhleb.
 21972 | Lair:6   | Reached skill level 10 in Shields
 22556 | Lair:6   | Found a gateway to Hell.
 22570 | Lair:6   | Identified the +8 long sword of Bread {spect, Str+4}
 23443 | Orc:1    | Entered Level 1 of the Orcish Mines
 23584 | Orc:2    | Entered Level 2 of the Orcish Mines
 24029 | Orc:2    | Received a gift from Okawaru
 24075 | Orc:2    | Reached XP level 15. HP: 118/125 MP: 26/29
 24284 | Orc:2    | Found Hijycup's Assorted Antiques.
 24305 | Orc:2    | Found Couzietz's Weapon Shoppe.
 24730 | Orc:2    | Reached skill level 14 in Fighting
 24935 | Orc:2    | Found a staircase to the Elven Halls.
 24985 | Orc:2    | Received a gift from Okawaru
 25173 | Orc:2    | Noticed an orc warlord
 25201 | Orc:2    | Killed an orc warlord
 25212 | Orc:2    | Identified the +9 quarterstaff of Wrongful Imprisonment
                  | {venom, SInv} (Okawaru gifted it to you on level 2 of the
                  | Orcish Mines)
 25212 | Orc:2    | Received a gift from Okawaru
 25402 | Orc:2    | Found Toid's Magic Scroll Shop.
 25488 | Orc:2    | Found Nink's Assorted Antiques.
 26355 | Elf:1    | Entered Level 1 of the Elven Halls
 27256 | Elf:1    | Received a gift from Okawaru
 28565 | Elf:1    | You fall into a shaft and drop 1 floor!
 28649 | Elf:2    | Reached XP level 16. HP: 107/134 MP: 25/31
 28741 | Elf:2    | Found Vowofuzo's Magic Scroll Shoppe.
 28748 | Elf:2    | Reached skill level 15 in Fighting
 28766 | Elf:2    | Bought a scroll of magic mapping for 38 gold pieces
 28766 | Elf:2    | Bought a scroll of enchant armour for 82 gold pieces
 29036 | Elf:2    | Found an ancient bone altar of Kikubaaqudgha.
 29072 | Elf:2    | Found a runed translucent gate.
 29072 | Elf:2    | Found a runed translucent gate.
 29072 | Elf:2    | Found a runed translucent gate.
 29136 | Elf:2    | Identified the +2 plate armour of Grottiness {rPois rF+
                  | Int-3 Dex+4 SInv}
 29616 | Elf:2    | Identified a scroll of acquirement
 29618 | Elf:2    | Acquired a +3 spectral lajatang
 29997 | Elf:2    | Reached ****** piety under Okawaru
 30084 | Elf:2    | Received a gift from Okawaru
 30984 | Elf:2    | Reached skill level 16 in Fighting
 31247 | Elf:2    | Identified the +0 cloak of Fitoirr {rCorr Dex+2} (Okawaru
                  | gifted it to you on level 2 of the Elven Halls)
 31247 | Elf:2    | Received a gift from Okawaru
 31612 | Elf:3    | Entered Level 3 of the Elven Halls
 31654 | Elf:3    | Found Otisun's Magic Scroll Boutique.
 31659 | Elf:3    | Noticed a deep elf sorcerer
 31659 | Abyss:2  | Cast into level 2 of the Abyss (a deep elf sorcerer)
 31896 | Abyss:2  | Noticed a deep elf sorcerer
 31907 | Abyss:2  | Killed a deep elf sorcerer
 32022 | Abyss:2  | Gained mutation: Your magical capacity is very low. (-20%
                  | MP) [a neqoxec]
 32053 | Abyss:2  | Noticed a tentacled starspawn
 32058 | Abyss:2  | Noticed a tentacled starspawn
 32062 | Abyss:2  | Killed a tentacled starspawn
 32063 | Abyss:2  | Reached XP level 17. HP: 118/144 MP: 22/29
 32070 | Abyss:2  | Noticed a bone dragon
 32081 | Abyss:2  | Found a burning altar of Makhleb.
 32085 | Elf:3    | Escaped the Abyss
 32097 | Elf:3    | Killed a bone dragon
 32121 | Elf:3    | Killed from afar by a deep elf sorcerer

Illustrated notes

Levels and vault maps discovered:
D:1:      saegor_arrival_simple_a, layout_loops_ring, serial_shops,
          nicolae_diamond_shop, shapermc_ecumenical_altar_petra
D:2:      layout_rooms, grunt_ministairs_14, uniq_sigmund,
          uniq_crazy_yiuf_cottage
D:3:      layout_rooms, serial_shops, shop
D:4:      layout_basic, serial_shops, nicolae_shop_hallway_plus, minivault_25
D:5:      layout_basic, marbit_many_paths, minmay_temple_entry_large_hall,
          serial_shops, shop, kennysheep_cross_room
D:6:      kennysheep_windowed_halls, layout_loops_cross,
          mainiacjoe_overflow_paths, nicolae_yredelemnul_corpse_copse,
          mainiacjoe_overflow_alcove_2, uniq_duvessa
D:7:      layout_gridville, chequers_temple_overflow_minitemple,
          roderic_lattice_a, nrook_mini_vaults
D:8:      minmay_gate_of_8, layout_loops_ring, special_room [special_room_orc],
          hellmonk_bongcloud_opening, nicolae_water_bricks, uniq_maggie,
          uniq_psyche
D:9:      layout_rooms, special_room [special_room_orc],
          hellmonk_ghost_big_iron, minivault_19
D:10:     layout_grid_maze, hiddenorc1_lemuel, gammafunk_ghost_necromancy,
          nicolae_straight_to_the_point, uniq_joseph, uniq_grum
D:11:     layout_long_grid, grunt_lair_entry_orc_guard_hut, roderic_batcave,
          minmay_misc_feat_chi, xom_confusion_cloud
Temple:   compressed_dpeg_circular_temple
Lair:1:   layout_regular_city
Lair:2:   layout_big_grid, skrybe_swamp_entry_bodies
Lair:3:   layout_gridlike, uniq_fannar
Lair:4:   layout_misc_corridors, guppyfry_snake_entry_island
Lair:5:   layout_cave_shapes, slime_entry_1, lemuel_fruit_tree,
          serial_bayou_shore_a, serial_bayou_shore_b, uniq_snorg
Lair:6:   evil_forest, layout_loops_ring, portal_ice_cave_entry_pillars_1,
          st_stairs_13
Orc:1:    layout_caves
Orc:2:    pubby_orc_utopia
Elf:1:    eino_elf_arrival_the_gate, layout_loops_corners, grunt_megastairs_1
Elf:2:    elven_hall_of_blades_hangedman_original
          [nicolae_blade_entry_sentries_behind_glass], layout_gridlike,
          basic_altar, nicolae_stop_n_shop_2, hangedman_elf_simple_split,
          fountainhead, kennysheep_underground_church
Elf:3:    minmay_elf_hall_x, layout_geoelf_diagonals, serial_shops,
          nicolae_shop_window_shopping, minmay_misc_feat_rows, minivault_27,
          drop_trap

Skill      XL: |  1  2  3  4  5  6  7  8  9 10 11 12 13 14 15 16 17 |
---------------+----------------------------------------------------+-----
Spellcasting   | 1 2 3 4 5 6 7 8 10 11 12 | 12.4
Fighting       | 4 5 6 7 8 10 11 12 13 14 16 | 16.5
Staves         | 3 4 5 6 7 9 10 11 12 13 14 | 14.0
Armour         | 4 5 6 7 8 9 10 11 12 | 12.5
Shields        | 5 6 7 8 9 10 12 14 | 14.9
Dodging        | 1 2 |  2.9
Ranged Weapons | 1 2 |  2.9
Invocations    | 2 4 6 7 8 9 |  9.0
Throwing       | |  0.4
Unarmed Combat | |  0.9

Action                   |  1- 3 |  4- 6 |  7- 9 | 10-12 | 13-15 | 16-18 || total
-------------------------+-------+-------+-------+-------+-------+-------++-------
Melee: Quarterstaff      |    86 |   100 |   339 |   720 |     9 |       ||  1254
       Unarmed           |       |       |       |    11 |       |       ||    11
       Lajatang          |       |       |       |       |   984 |   304 ||  1288
 Fire: Shortbow          |       |       |       |     3 |       |       ||     3
       Arbalest          |       |       |       |    13 |    29 |       ||    42
Throw: Boomerang         |       |     2 |       |       |       |       ||     2
       Dart              |       |       |       |     5 |       |       ||     5
Invok: Heroism           |       |       |       |     3 |    22 |    15 ||    40
       Finesse           |       |       |       |     2 |     9 |     4 ||    15
 Abil: Dig               |       |       |       |     1 |     7 |       ||     8
  Use: Scroll            |       |       |     4 |    16 |     8 |     3 ||    31
       Potion            |       |       |     2 |     1 |     1 |     5 ||     9
 Stab: Confused          |       |       |       |     2 |       |       ||     2
       Paralysed         |       |       |       |     1 |       |       ||     1
Armor: Scale mail        |    40 |    48 |    40 |       |    18 |       ||   146
       Plate armour      |       |       |   119 |   336 |   517 |   153 ||  1125
       Skin              |       |       |       |     7 |       |       ||     7
       Leather armour    |       |       |       |       |     6 |       ||     6
Dodge: Dodged            |    39 |    46 |    92 |   169 |   223 |    67 ||   636
Block: Buckler           |    15 |    20 |    73 |    82 |       |       ||   190
       Kite shield       |       |       |       |   154 |   484 |   145 ||   783

Table legend: (Time is in decaauts)
 A = Elapsed time spent in this place.
 B = Non-inter-level travel time spent in this place.
 C = Inter-level travel time spent in this place.
 D = Time resting spent in this place.
 E = Time spent auto-exploring this place.
 F = Levels seen in this place.
 G = Mean time per level.
                   A        B        C        D        E       F      G
               +--------+--------+--------+--------+--------+-----+--------+
         Total |  31768 |  30072 |   1696 |   7028 |  13648 |  25 | 1270.7 |
       Dungeon |  15424 |  14260 |   1164 |   2583 |   7855 |  11 | 1402.2 |
        Temple |     86 |     71 |     15 |      0 |     56 |   1 |   86.0 |
          Lair |   7357 |   7116 |    241 |   1824 |   3467 |   6 | 1226.2 |
  Orcish Mines |   3158 |   2923 |    235 |    803 |   1163 |   2 | 1579.0 |
   Elven Halls |   4591 |   4551 |     40 |   1790 |    885 |   3 | 1530.3 |
         Abyss |    397 |    397 |      0 |     21 |     20 |   1 |  397.0 |
      Ice Cave |    751 |    751 |      0 |      7 |    201 |   1 |  751.0 |
               +--------+--------+--------+--------+--------+-----+--------+

Top non-repeatable levels by time:
   Orc:2: 2992 daAuts
   Elf:2: 2984 daAuts
     D:8: 2238 daAuts
  Lair:6: 2128 daAuts
     D:6: 1807 daAuts
    D:10: 1787 daAuts
   Elf:1: 1538 daAuts
    D:11: 1519 daAuts
     D:5: 1400 daAuts
     D:9: 1395 daAuts
     D:4: 1306 daAuts
     D:1: 1266 daAuts
  Lair:5: 1253 daAuts
  Lair:1: 1249 daAuts
     D:7: 1103 daAuts
